General information
- name: BNet
- type: Ladder team game (AT/RT)
- host: Battle.net
- saver: Hjaalti
map: Friends
- players: 8
- length: 29:36
- speed: Fast
- version: 1.26 W3XP
- replay type: Public
» download(175 KB)
Players
team 1 (winner)

»
lavista (
green | 61 APM | 1812 actions | 29:36)
6 Mountain King
3 Storm Bolt
2 Bash
1 Avatar
1 Paladin
1 Holy Light
» actions
| Assign group hotkey | 33 | |
| Basic commands | 11 | |
| Build / train | 77 | |
| Enter build submenu | 20 | |
| Enter hero's abilities submenu | 7 | |
| Remove unit from queue | 1 | |
| Right click | 510 | |
| Select / deselect | 320 | |
| Select group hotkey | 761 | |
| Use ability | 72 | |
1812 total
» units
| Peasant | 10 | |
| Footman | 2 | |
| Rifleman | 6 | |
| Mortar Team | 6 | |
| Siege Engine | 13 | |
37 total
» upgrades
| Gunpowder | 3 | |
| Armor | 3 | |
| Long Rifles | 1 | |
| Lumber Harvesting | 1 | |
| Flare | 1 | |
| Fragmentation Shards | 1 | |
| Barrage | 1 | |
| Plating | 3 | |
| Masonry | 1 | |
15 total
» buildings
| Altar of Kings | 1 | |
| Farm | 12 | |
| Scout Tower | 7 | |
| Arcane Tower | 3 | |
| Lumber Mill | 1 | |
| Barracks | 1 | |
| Blacksmith | 1 | |
| Keep | 1 | |
| Arcane Vault | 1 | |
| Workshop | 3 | |
| Castle | 1 | |
| Guard Tower | 2 | |
34 total
» build order
00:12 Altar of Kings
00:23 Farm
00:26 Farm
00:56 Scout Tower
01:35 Arcane Tower
01:53 Scout Tower
01:58 Lumber Mill
02:32 Arcane Tower
02:35 Barracks
02:41 Farm
02:43 Farm
02:52 Blacksmith
02:57 Scout Tower
03:26 Arcane Tower
04:27 Keep
05:27 Farm
05:35 Farm
06:14 Farm
06:17 Farm
06:51 Arcane Vault
07:35 Workshop
07:36 Workshop
07:52 Workshop
09:44 Castle
12:24 Scout Tower
12:25 Scout Tower
12:26 Scout Tower
12:26 Scout Tower
13:20 Guard Tower
14:36 Guard Tower
19:15 Farm
19:16 Farm
19:17 Farm
19:17 Farm
» items
| Scroll of Regeneration | 1 | |
| Scroll of Town Portal | 5 | |
| Orb of Fire | 1 | |
| Potion of Healing | 1 | |
8 total
Hjaalti (
teal | 79 APM | 2346 actions | 29:36)
10 Blademaster
3 Wind Walk
3 Critical Strike
1 Bladestorm
3 Mirror Image
» actions
| Assign group hotkey | 64 | |
| Basic commands | 36 | |
| Build / train | 117 | |
| Enter build submenu | 29 | |
| Enter hero's abilities submenu | 10 | |
| Give item / drop item | 3 | |
| Remove unit from queue | 1 | |
| Right click | 994 | |
| Select / deselect | 412 | |
| Select group hotkey | 512 | |
| Use ability | 168 | |
2346 total
» units
| Peon | 22 | |
| Grunt | 9 | |
| Troll Headhunter/Berserker | 2 | |
| Wind Rider | 6 | |
| Troll Batrider | 24 | |
| Goblin Sapper | 1 | |
64 total
» upgrades
| Spiked Barricades | 3 | |
| Armor | 3 | |
| Ranged Weapons | 3 | |
| Pillage | 1 | |
| Berserker Strength | 1 | |
| Envenomed Spears | 1 | |
| Reinforced Defenses | 2 | |
| Troll Regeneration | 1 | |
| Berserker Upgrade | 1 | |
| Liquid Fire | 1 | |
17 total
» buildings
| Altar of Storms | 1 | |
| Orc Burrow | 5 | |
| Barracks | 1 | |
| Great Hall | 1 | |
| War Mill | 1 | |
| Watch Tower | 11 | |
| Voodoo Lounge | 1 | |
| Stronghold | 2 | |
| Beastiary | 4 | |
| Fortress | 1 | |
28 total
» build order
00:03 Altar of Storms
00:08 Orc Burrow
00:42 Barracks
01:29 Orc Burrow
02:41 Great Hall
02:58 War Mill
04:21 Watch Tower
04:24 Watch Tower
04:49 Orc Burrow
05:02 Voodoo Lounge
06:03 Stronghold
06:11 Watch Tower
06:15 Watch Tower
06:45 Watch Tower
08:15 Watch Tower
08:22 Watch Tower
08:23 Watch Tower
08:43 Beastiary
09:26 Beastiary
10:44 Fortress
11:48 Orc Burrow
11:53 Orc Burrow
12:36 Watch Tower
19:04 Watch Tower
20:52 Beastiary
21:04 Beastiary
21:11 Watch Tower
» items
| Healing Salve | 4 | |
| Scroll of Speed | 1 | |
| Lesser Clarity Potion | 6 | |
| Scroll of Town Portal | 3 | |
| Orb of Lightning | 3 | |
| Potion of Healing | 1 | |
| Scroll of Regeneration | 1 | |
| Orb of Fire | 1 | |
20 total
michaelleung (
blue | 27 APM | 802 actions | 29:36)
7 Archmage
1 Blizzard
2 Summon Water Elemental
3 Brilliance Aura
1 Mass Teleport
4 Paladin
2 Devotion Aura
2 Divine Shield
» actions
| Assign group hotkey | 18 | |
| Basic commands | 25 | |
| Build / train | 100 | |
| Enter build submenu | 16 | |
| Enter hero's abilities submenu | 10 | |
| Remove unit from queue | 2 | |
| Right click | 189 | |
| Select / deselect | 272 | |
| Select group hotkey | 116 | |
| Use ability | 54 | |
802 total
» units
| Peasant | 10 | |
| Footman | 49 | |
| Knight | 13 | |
72 total
» upgrades
| Defend | 1 | |
| Swords | 2 | |
| Plating | 2 | |
| Masonry | 1 | |
| Animal War Training | 1 | |
7 total
» buildings
| Scout Tower | 4 | |
| Arcane Tower | 1 | |
| Altar of Kings | 1 | |
| Farm | 11 | |
| Barracks | 3 | |
| Lumber Mill | 1 | |
| Guard Tower | 3 | |
| Blacksmith | 1 | |
| Keep | 1 | |
| Castle | 1 | |
27 total
» build order
00:14 Scout Tower
00:44 Arcane Tower
00:50 Altar of Kings
01:00 Farm
02:04 Barracks
02:38 Lumber Mill
03:13 Farm
03:16 Farm
03:32 Scout Tower
03:33 Scout Tower
03:41 Scout Tower
04:32 Guard Tower
04:34 Guard Tower
04:43 Farm
06:19 Barracks
06:21 Guard Tower
06:24 Farm
06:26 Farm
06:48 Barracks
07:43 Farm
07:50 Farm
08:37 Blacksmith
10:26 Farm
12:57 Farm
12:58 Farm
17:10 Keep
19:35 Castle
Nazren (
pink | 3 APM | 90 actions | 29:36)
team 2 (loser)

»
ImProbablyUrDad (
purple | 49 APM | 1177 actions | 23:49)
5 Priestess of the Moon
3 Searing Arrows
2 Trueshot Aura
4 Naga Sea Witch
2 Frost Arrows
2 Forked Lightning
4 Keeper of the Grove
2 Entangling Roots
2 Thorns Aura
» actions
| Build / train | 66 | |
| Enter build submenu | 13 | |
| Enter hero's abilities submenu | 13 | |
| Give item / drop item | 2 | |
| Remove unit from queue | 6 | |
| Right click | 676 | |
| Select / deselect | 356 | |
| Use ability | 44 | |
1177 total
» units
| Wisp | 13 | |
| Archer | 10 | |
| Dryad | 7 | |
| Druid of the Talon | 2 | |
32 total
» upgrades
| Improved Bows | 1 | |
| Strength of the Moon | 2 | |
| Moon Armor | 3 | |
| Abolish Magic | 1 | |
| Druid of the Talon Training | 2 | |
| Marksmanship | 1 | |
10 total
» buildings
| Altar of Elders | 1 | |
| Moon Well | 5 | |
| Ancient of War | 1 | |
| Tree of Ages | 1 | |
| Hunter's Hall | 1 | |
| Tree of Eternity | 1 | |
| Ancient of Lore | 1 | |
| Ancient of Wind | 1 | |
| Ancient of Wonders | 1 | |
| Tree of Life | 1 | |
14 total
» build order
00:07 Altar of Elders
00:09 Moon Well
00:49 Ancient of War
01:30 Moon Well
02:30 Moon Well
03:57 Tree of Ages
04:34 Moon Well
05:24 Hunter's Hall
06:34 Tree of Eternity
07:19 Ancient of Lore
07:21 Ancient of Wind
12:40 Moon Well
12:56 Ancient of Wonders
15:53 Tree of Life
dox03 (
red | 28 APM | 842 actions | 29:33)
6 Keeper of the Grove
2 Entangling Roots
3 Force of Nature
1 Tranquility
2 Warden
1 Fan of Knives
1 Blink
1 Priestess of the Moon
1 Trueshot Aura
» actions
| Basic commands | 1 | |
| Build / train | 86 | |
| Enter build submenu | 19 | |
| Enter hero's abilities submenu | 9 | |
| Give item / drop item | 1 | |
| Right click | 364 | |
| Select / deselect | 288 | |
| Use ability | 74 | |
842 total
» units
| Wisp | 29 | |
| Archer | 6 | |
| Huntress | 5 | |
| Forest Troll Shadow Priest | 1 | |
| Hippogryph | 6 | |
| Chimaera | 6 | |
| Dryad | 8 | |
61 total
» upgrades
| Ultravision | 1 | |
| Strength of the Wild | 2 | |
| Reinforced Hides | 2 | |
| Corrosive Breath | 1 | |
6 total
» buildings
| Moon Well | 7 | |
| Altar of Elders | 1 | |
| Ancient of War | 1 | |
| Hunter's Hall | 1 | |
| Ancient of Wonders | 2 | |
| Tree of Ages | 2 | |
| Ancient of Wind | 2 | |
| Tree of Eternity | 1 | |
| Tree of Life | 3 | |
| Chimaera Roost | 2 | |
22 total
» build order
00:25 Moon Well
00:36 Altar of Elders
00:51 Ancient of War
01:43 Moon Well
02:32 Hunter's Hall
02:50 Moon Well
04:12 Moon Well
04:21 Ancient of Wonders
04:36 Tree of Ages
06:42 Moon Well
09:01 Ancient of Wind
09:04 Ancient of Wind
09:06 Tree of Eternity
09:14 Moon Well
11:14 Moon Well
12:28 Tree of Life
12:59 Chimaera Roost
13:11 Chimaera Roost
15:39 Tree of Life
18:35 Ancient of Wonders
19:56 Tree of Ages
21:17 Tree of Life
» items
| Potion of Divinity | 1 | |
| Potion of Mana | 3 | |
| Potion of Healing | 1 | |
5 total

»
pollo_asado (
orange | 60 APM | 1790 actions | 29:35)
6 Tauren Chieftain
2 War Stomp
3 Endurance Aura
1 Reincarnation
5 Shadow Hunter
3 Healing Wave
2 Hex
» actions
| Assign group hotkey | 44 | |
| Basic commands | 52 | |
| Build / train | 77 | |
| Enter build submenu | 15 | |
| Enter hero's abilities submenu | 10 | |
| Remove unit from queue | 4 | |
| Right click | 698 | |
| Select / deselect | 279 | |
| Select group hotkey | 543 | |
| Use ability | 68 | |
1790 total
» units
| Peon | 9 | |
| Troll Headhunter/Berserker | 22 | |
| Kodo Beast | 1 | |
| Wind Rider | 7 | |
39 total
» upgrades
| Ranged Weapons | 3 | |
| Armor | 3 | |
| Troll Regeneration | 1 | |
| Envenomed Spears | 1 | |
| War Drums Damage Increase | 1 | |
| Berserker Upgrade | 1 | |
10 total
» buildings
| War Mill | 1 | |
| Barracks | 1 | |
| Orc Burrow | 9 | |
| Altar of Storms | 1 | |
| Stronghold | 2 | |
| Fortress | 1 | |
| Voodoo Lounge | 1 | |
| Beastiary | 2 | |
18 total
» build order
00:30 War Mill
00:34 Barracks
00:43 Orc Burrow
01:39 Orc Burrow
02:38 Orc Burrow
03:08 Altar of Storms
04:05 Orc Burrow
06:04 Stronghold
06:05 Stronghold
09:58 Fortress
10:13 Voodoo Lounge
10:16 Orc Burrow
10:22 Orc Burrow
10:23 Orc Burrow
10:28 Beastiary
10:32 Beastiary
13:18 Orc Burrow
17:46 Orc Burrow
» items
| Orb of Lightning | 1 | |
| Healing Salve | 1 | |
| Scroll of Town Portal | 1 | |
3 total

»
agoodnoob (
yellow | 46 APM | 1081 actions | 23:38)
4 Archmage
2 Summon Water Elemental
2 Blizzard
» actions
| Build / train | 99 | |
| Enter build submenu | 37 | |
| Enter hero's abilities submenu | 4 | |
| Remove unit from queue | 5 | |
| Right click | 463 | |
| Select / deselect | 426 | |
| Use ability | 47 | |
1081 total
» units
| Peasant | 36 | |
| Footman | 7 | |
| Flying Machine | 34 | |
77 total
» upgrades
| Lumber Harvesting | 1 | |
| Flak Cannons | 1 | |
| Flying Machine Bombs | 1 | |
| Gunpowder | 2 | |
| Plating | 2 | |
7 total
» buildings
| Altar of Kings | 1 | |
| Farm | 10 | |
| Lumber Mill | 2 | |
| Barracks | 1 | |
| Arcane Vault | 1 | |
| Scout Tower | 6 | |
| Keep | 1 | |
| Town Hall | 4 | |
| Guard Tower | 1 | |
| Blacksmith | 1 | |
| Workshop | 4 | |
| Castle | 1 | |
33 total
» build order
00:12 Altar of Kings
00:17 Farm
01:06 Lumber Mill
01:12 Farm
01:28 Barracks
02:38 Arcane Vault
03:11 Scout Tower
03:27 Keep
03:51 Farm
04:02 Keep
04:36 Farm
05:07 Scout Tower
05:10 Scout Tower
05:54 Scout Tower
06:53 Scout Tower
06:55 Scout Tower
07:26 Lumber Mill
07:48 Town Hall
08:14 Guard Tower
08:19 Town Hall
08:47 Blacksmith
11:13 Workshop
11:36 Town Hall
13:02 Workshop
13:09 Workshop
13:13 Castle
14:51 Workshop
17:50 Town Hall
17:52 Farm
17:55 Farm
22:11 Farm
22:13 Farm
22:53 Farm
22:55 Farm
» items
| Scroll of Town Portal | 3 | |
| Scroll of Regeneration | 1 | |
4 total
Chat log
(00:32 / All) Hjaalti: No, ruined everything. Exposed germs... one year of life... at best
(01:17 / Allies) Hjaalti: plan?
(01:30 / Allies) lavista: use pinks mine
(01:34 / Allies) Hjaalti: k
(01:37 / Allies) Hjaalti: free expo
(01:45 / Allies) lavista: you dont even need to build another hall
(02:05 / Allies) Hjaalti: why not? I do if I want efficient mining
(02:16 / Allies) lavista: yeah but u can wait on that
(02:25 / Allies) lavista: start sending peons over first and make hall later
(03:09 / Allies) Hjaalti: I hope they don't rush or we're fucked
(04:40 / Allies) Nazren: re
(04:49 / Allies) Nazren: sry
(04:59 / Allies) Nazren: im I dead ?
(05:30 / Allies) Nazren: answer me !!!
(05:36 / Allies) Hjaalti: you were afk moron
(05:47 / Allies) lavista: the answer should be pretty obvious
(05:48 / Allies) Nazren: thx you could answer me
(08:41 / Allies) lavista: what r u doing blue?
(12:37 / Allies) lavista: wait
(12:40 / Allies) lavista: wait for me blue
(12:45 / Allies) Hjaalti: and me
(13:20 / Allies) Nazren: improve your wars blue
(18:17 / Allies) lavista: dam blue u gonna make anything but foots?
(18:39 / Allies) lavista: come
(18:42 / Allies) Hjaalti: k
(19:26 / Allies) Hjaalti: blue, please make more than footies
(19:46 / Allies) michaelleung: gold
(19:56 / Allies) michaelleung: tx
(20:08 / Allies) Nazren: do you want wood too ?
(21:53 / All) ImProbablyUrDad: team is just sitting around
(21:56 / All) Hjaalti: good
(22:02 / Allies) lavista: lets hit
(22:06 / Allies) Hjaalti: sec
(22:09 / Allies) Hjaalti: waiting for bm and a few more bats
(23:40 / All) Hjaalti: raped
(23:47 / All) ImProbablyUrDad: yellow fucken sucked
(23:47 / All) ImProbablyUrDad: gg
(23:58 / Allies) Hjaalti: a flying machine ragequit
(24:00 / Allies) Hjaalti: they all just instadied
(24:31 / All) Hjaalti: eat more moonjuice please
(24:50 / Allies) Hjaalti: paladin here btw
(24:53 / Allies) Hjaalti: not sure if you knew
(25:19 / Allies) Hjaalti: wait for all three of us
(25:39 / Allies) michaelleung: wood
(27:33 / All) Hjaalti: gg
(27:33 / All) Hjaalti: bye
(28:06 / Allies) Nazren: gg
(28:08 / Allies) Hjaalti: gg
(28:46 / All) pollo_asado: gg guys
(28:48 / All) Hjaalti: gg
(28:54 / All) Hjaalti: 3v4 btw
(28:56 / All) Hjaalti: we had an afk
(28:56 / All) pollo_asado: yellow 7k gold no feeding..
(29:05 / All) pollo_asado: yeah well
(29:14 / All) pollo_asado: whatev er your best was better than our best
(29:24 / All) pollo_asado: doesnt matter lol games over but gg
(29:29 / All) Hjaalti: gg